Map: Buried Caverns

Players

OpuS - Winner!

  • Race: Protoss Protoss
  • Spawn Location: 5:00

Feng - Winner!

  • Race: Terran Terran
  • Spawn Location: 3:00

Sketchaphone - Winner!

  • Race: Zerg Zerg
  • Spawn Location: 3:00

Zip

  • Race: Zerg Zerg
  • Spawn Location: 7:00

Eaglesearchr

  • Race: Terran Terran
  • Spawn Location: 9:00

DamGlam

  • Race: Protoss Protoss
  • Spawn Location: 9:00

VOD

Have the link to the VOD?

Description

Time

  • Played on: Jan. 22, 2019, 7:42 p.m.
  • Length: 13:01
Show
View Real Time Build Order
Export as new Build Order

OpuS Protoss - Winner!

Build Orders:  

Get SALT Encoding   

  12  0:00  Probe  
  13  0:13  Probe  
  14  0:20  Pylon  
  14  0:25  Probe  
  15  0:38  Gateway  
  15  0:41  Probe  
  16  0:49  Probe  
  16  0:51  Assimilator  
  17  1:05  Probe  
  18  1:22  Gateway  
  18  1:25  Probe  
  18  1:28  Cybernetics Core  
  19  1:33  Probe  
  20  1:43  Probe  
  21  1:55  Probe  
  22  2:07  Probe  
  22  2:27  Pylon  
  22  2:35  Stalker  
  22  2:45  Stalker  
  22  2:47  Warp Gate  
  22  2:48  Probe  
  27  3:00  Probe  
  27  3:05  Pylon  
  28  3:12  Probe  
  29  3:24  Probe, Assimilator  
  30  3:31  Gateway  
  30  3:36  Probe  
  33  3:42  Adept  
  33  3:43  Adept  
  36  3:48  Probe  
  32  4:21  Robotics Facility  
  32  4:25  Nexus  
  32  4:28  Nexus  
  32  4:37  Zealot x2  
  32  4:38  Zealot  
  38  4:42  Pylon  
  38  4:54  Twilight Council  
  38  5:01  Sentry  
  38  5:02  Sentry x2  
  44  5:08  Pylon  
  44  5:11  Charge  
  44  5:22  Probe  
  44  5:25  Pylon  
  44  5:27  Pylon  
  45  5:34  Probe  
  46  5:37  Immortal  
  46  5:49  Probe  
  51  5:52  Probe  
  44  6:11  Zealot  
  44  6:12  Zealot x2  
  44  6:18  Probe x2, Gateway  
  50  6:33  Zealot  
  50  6:34  Zealot x2  
  50  6:36  Probe x2  
  58  6:41  Templar Archives  
  56  6:48  Probe x2  
  58  6:55  Zealot x2  
  58  6:57  Zealot  
  60  7:05  Probe x2  
  60  7:07  Assimilator, Immortal  
  62  7:12  Assimilator  
  66  7:25  Probe x2  
  68  7:38  Probe x2  
  68  7:41  Zealot x2  
  68  7:42  Zealot x2  
  78  7:50  Probe  
  79  8:11  Nexus  
  79  8:21  Gateway  
  79  8:24  Gateway  
  79  8:25  Psionic Storm, Gateway  
  79  8:28  Gateway  
  75  8:48  Zealot x4  
  81  8:51  Immortal  
  85  8:58  Probe  
  86  9:08  Pylon  
  86  9:11  Pylon  
  86  9:14  Pylon, Probe  
  86  9:16  Pylon  
  83  9:38  Pylon  
  83  9:39  Zealot x4  
  83  9:40  Zealot x4  
  83  9:42  Probe  
  92  9:52  Probe x2  
  90  9:54  Probe  
  91  10:02  Forge  
  91  10:03  Forge  
  91  10:05  Forge  
  91  10:22  High Templar  
  91  10:23  High Templar x6  
  91  10:24  High Templar  
  91  10:27  Probe x2  
  91  10:28  Probe  
  110  10:39  Probe  
  111  10:44  Probe x2  
  111  10:45  Protoss Ground Weapons Level 1, Protoss Shields Level 1, Protoss Ground Armor Level 1  
  113  10:56  High Templar x2  
  117  10:57  High Templar  
  117  10:58  High Templar  
  117  10:59  Zealot x3  
  117  11:00  Zealot  
  129  11:05  Probe x3  
  129  11:08  Assimilator  
  129  11:11  Assimilator  
  120  11:27  Pylon  
  120  11:30  Pylon  
  120  11:32  Gateway  
  120  11:34  Gateway  
  120  11:37  Gateway  
  120  11:40  Gateway  
  96  12:03  Archon  
  96  12:04  Archon x3  
  96  12:08  Zealot x4  
  82  12:09  Zealot x4  
  82  12:17  Nexus  
  82  12:19  Assimilator  
  82  12:24  Assimilator  
  82  12:26  Pylon  
  82  12:28  Pylon  
  82  12:30  Pylon, Zealot  
  82  12:31  Zealot x4  
  82  12:32  Zealot x2  
  82  12:34  Zealot x2  
Show
View Real Time Build Order
Export as new Build Order

Feng Terran - Winner!

Build Orders:  

Get SALT Encoding   

  12  0:02  SCV  
  13  0:25  SCV  
  13  0:26  Supply Depot  
  14  0:34  Refinery  
  14  0:37  SCV  
  15  0:49  SCV  
  16  0:50  Barracks  
  16  1:06  SCV  
  17  1:18  SCV  
  18  1:35  SCV, Command Center  
  19  1:40  Marine  
  19  1:46  Supply Depot  
  20  1:53  SCV  
  21  1:58  Marine  
  22  2:13  SCV  
  23  2:16  Marine  
  24  2:23  Barracks  
  24  2:26  SCV  
  25  2:34  Marine  
  26  2:38  SCV  
  27  2:49  SCV  
  27  2:50  SCV  
  29  2:51  Marine  
  30  3:01  SCV  
  30  3:02  SCV  
  30  3:04  Factory  
  32  3:09  Marine, Refinery  
  33  3:13  SCV  
  33  3:14  SCV  
  35  3:20  Marine, Supply Depot  
  36  3:27  Marine  
  36  3:33  SCV  
  38  3:36  Engineering Bay, SCV  
  39  3:43  Barracks Tech Lab  
  39  3:51  Orbital Command  
  39  3:58  Factory Tech Lab  
  39  4:03  Refinery  
  39  4:09  SCV  
  40  4:10  Marine  
  40  4:14  Starport  
  40  4:17  Refinery  
  41  4:18  Terran Infantry Armor Level 1  
  41  4:22  Combat Shield, SCV  
  41  4:24  SCV  
  43  4:30  Barracks Reactor, Marine  
  44  4:34  SCV  
  44  4:36  SCV  
  46  4:45  Armory  
  46  4:46  SCV  
  46  4:48  Marine  
  48  4:53  Medivac  
  48  4:57  SCV  
  51  5:01  SCV  
  52  5:09  SCV  
  52  5:13  SCV  
  54  5:27  Marine x2, SCV  
  54  5:28  Supply Depot  
  57  5:29  Supply Depot  
  57  5:30  Starport Tech Lab  
  57  5:38  Starport  
  57  5:39  Terran Vehicle And Ship Armor Level 1  
  57  5:46  Marine  
  57  5:47  Marine  
  57  5:48  SCV  
  60  5:50  Siege Tank  
  60  5:51  Medivac  
  65  6:05  Marauder  
  65  6:06  Marine x2  
  65  6:08  Concussive Shells  
  65  6:10  SCV x2  
  71  6:16  Cloaking Field  
  66  6:18  Terran Infantry Weapons Level 1  
  66  6:21  Medivac, Starport Reactor  
  63  6:47  Marine x3  
  63  6:59  Command Center  
  63  7:04  Marine  
  63  7:05  Marine x2  
  66  7:09  Siege Tank  
  66  7:10  Medivac  
  71  7:22  Marine x2  
  71  7:23  Marine  
  71  7:26  Starport  
  74  7:34  Barracks  
  74  7:35  Engineering Bay  
  66  7:40  Medivac, Marine x3  
  69  7:56  Siege Tank  
  69  7:58  Marine x3  
  68  7:59  SCV x2  
  68  8:04  Medivac x2  
  77  8:11  SCV x2  
  77  8:12  SCV  
  80  8:16  Marine x3  
  80  8:17  Terran Infantry Armor Level 2  
  83  8:23  SCV x2  
  83  8:24  SCV  
  86  8:34  Marine  
  87  8:35  SCV  
  87  8:40  Starport  
  88  9:06  SCV  
  88  9:07  SCV x2  
  91  9:12  Refinery  
  91  9:16  Refinery  
  91  9:19  SCV x2  
  93  9:40  Supply Depot  
  93  9:41  Supply Depot  
  93  9:43  Supply Depot x2  
  93  9:44  Marine x2  
  93  9:45  Medivac, Siege Tank, SCV  
  101  9:46  Orbital Command, Supply Depot  
  96  10:02  Starport Tech Lab  
  95  10:09  Fusion Core  
  93  10:17  Siege Tank  
  95  10:35  Marine x2  
  95  10:36  Marine x2  
  95  10:38  Medivac x3  
  105  10:46  SCV  
  105  10:47  SCV  
  105  10:49  Siege Tank  
  110  10:53  Marine x3  
  110  10:54  Marine  
  114  11:08  Medivac, Viking x2  
  114  11:11  Marine x2  
  120  11:21  Siege Tank  
  120  11:38  Medivac x2  
  120  11:39  Starport Tech Lab  
  124  11:49  Starport  
  124  11:56  Starport  
  130  12:03  Marine x4  
  146  12:21  Marine  
  147  12:28  Orbital Command  
  147  12:37  Starport Tech Lab  
Show
View Real Time Build Order
Export as new Build Order

Sketchaphone Zerg - Winner!

Build Orders: Pool First 

Get SALT Encoding   

  12  0:01  Drone  
  13  0:09  Drone  
  14  0:30  Spawning Pool  
  14  0:31  Drone  
  14  0:35  Extractor  
  13  0:41  Overlord  
  13  0:52  Drone  
  14  1:05  Drone x2  
  14  1:06  Drone  
  17  1:22  Zergling x2  
  18  1:26  Queen  
  18  1:31  Overlord  
  20  1:38  Zergling x2  
  21  1:54  Metabolic Boost  
  21  1:55  Drone  
  22  2:12  Drone  
  22  2:13  Zergling x2  
  24  2:39  Hatchery  
  24  2:40  Zergling x2  
  23  2:51  Drone  
  24  3:01  Roach Warren  
  24  3:02  Overlord  
  24  3:03  Zergling x2  
  24  3:04  Evolution Chamber  
  24  3:05  Drone  
  24  3:19  Overlord  
  24  3:30  Zergling x2  
  24  3:32  Zerg Melee Weapons Level 1  
  25  3:38  Drone  
  26  3:41  Roach  
  26  3:42  Roach, Zergling x2  
  31  3:51  Queen  
  31  3:52  Drone  
  34  3:57  Roach  
  34  4:25  Hatchery  
  34  4:29  Drone x2  
  35  4:34  Zergling x10  
  35  4:36  Evolution Chamber  
  42  4:45  Zergling x6  
  42  5:05  Zergling x16  
  49  5:17  Zergling x2  
  50  5:26  Drone  
  50  5:27  Overlord x2  
  51  5:35  Overlord x2  
  51  5:43  Lair  
  51  5:53  Zergling x6  
  51  6:33  Zergling x18  
  51  6:36  Queen  
  51  6:57  Zerg Melee Weapons Level 2  
  51  6:58  Zergling x2  
  51  6:59  Zergling x10  
  50  7:25  Zergling x18  
  48  7:32  Extractor  
  48  7:33  Drone x2  
  49  7:56  Zergling x12  
  49  7:57  Drone  
  56  7:59  Extractor  
  56  8:04  Zerg Ground Armor Level 1  
  46  8:39  Zergling x26  
  53  8:43  Zergling x4  
  53  8:48  Drone  
  56  8:49  Drone  
  57  9:06  Zergling x10  
  58  9:51  Roach x2  
  58  9:52  Roach x7  
  74  9:55  Drone  
  75  10:00  Zerg Missile Weapons Level 1  
  75  10:10  Roach  
  55  10:29  Zergling x10  
  56  10:44  Roach x2  
  56  10:47  Drone  
  61  10:51  Drone  
  61  10:54  Drone  
  63  11:03  Drone  
  63  11:04  Drone  
  65  11:08  Drone  
  41  11:53  Roach  
  43  11:54  Roach x6  
  55  12:03  Infestation Pit  
  52  12:28  Overlord  
Show
View Real Time Build Order
Export as new Build Order

Zip Zerg 

Build Orders: Hatch First 

Get SALT Encoding   

  12  0:01  Drone  
  13  0:12  Overlord  
  13  0:18  Drone  
  14  0:31  Drone x2  
  14  0:35  Drone  
  17  0:52  Hatchery  
  17  0:56  Drone  
  17  1:00  Drone  
  17  1:03  Extractor  
  17  1:16  Spawning Pool  
  16  1:18  Drone  
  16  1:21  Drone  
  18  1:29  Drone  
  19  1:39  Drone  
  20  1:51  Overlord  
  20  2:03  Queen  
  20  2:04  Queen  
  20  2:06  Metabolic Boost  
  24  2:15  Zergling x4  
  26  2:20  Drone  
  26  2:21  Drone  
  29  2:22  Drone  
  29  2:28  Drone  
  30  2:33  Drone  
  31  2:38  Drone  
  32  2:45  Queen  
  32  2:46  Drone  
  32  2:48  Overlord  
  35  3:02  Drone  
  38  3:20  Lair  
  38  3:22  Drone x2  
  38  3:37  Overlord  
  38  3:45  Overlord, Hatchery  
  38  3:46  Overlord  
  37  3:59  Zergling x8  
  37  4:00  Zergling x6  
  40  4:13  Queen  
  40  4:18  Zergling x8  
  44  4:30  Extractor  
  44  4:31  Drone x3, Extractor  
  45  4:49  Queen  
  47  4:53  Drone x4  
  47  4:54  Drone  
  52  5:11  Evolution Chamber x2, Drone  
  52  5:13  Drone x3  
  52  5:14  Overseer  
  54  5:18  Queen  
  54  5:19  Drone  
  54  5:20  Drone x3  
  59  5:26  Baneling Nest  
  59  5:27  Overlord  
  59  5:28  Zergling x10  
  63  5:36  Zerg Missile Weapons Level 1  
  63  5:37  Zerg Ground Armor Level 1  
  63  5:42  Hydralisk Den  
  62  5:44  Drone x3  
  62  5:46  Drone  
  62  5:47  Drone x3  
  69  5:53  Zergling x8  
  59  6:17  Zergling x14  
  55  6:23  Spine Crawler  
  55  6:25  Spine Crawler  
  47  6:28  Zergling x6  
  47  6:29  Zergling x6  
  46  6:54  Grooved Spines  
  46  7:04  Spawning Pool  
  45  7:11  Hydralisk x6  
  57  7:37  Hatchery  
  55  7:54  Zerg Missile Weapons Level 2  
  55  7:59  Drone  
  55  8:00  Queen, Drone x2  
  55  8:02  Queen  
  62  8:07  Muscular Augments  
  62  8:23  Extractor  
  62  8:25  Extractor  
  60  8:32  Hydralisk  
  60  8:33  Hydralisk  
  64  8:35  Zergling x20  
  66  8:45  Hydralisk  
  66  8:46  Hydralisk  
  67  8:50  Zergling x2  
  60  8:56  Hydralisk  
  62  9:07  Queen  
  62  9:08  Hydralisk  
  66  9:19  Hydralisk  
  66  9:20  Hydralisk  
  70  9:44  Hydralisk  
  70  9:45  Hydralisk x4  
  68  9:47  Zergling x18  
  70  10:01  Hydralisk x2  
  70  10:04  Zergling x6  
  70  10:23  Overlord x3  
  65  10:41  Queen, Drone  
  65  10:42  Drone x15  
  83  10:47  Centrifical Hooks  
  83  10:49  Hydralisk x2  
  85  10:51  Overlord x3  
  85  10:55  Hydralisk  
  89  11:00  Hatchery  
  88  11:10  Hydralisk x3  
  88  11:11  Hydralisk x8  
  100  11:32  Hydralisk  
  95  11:33  Hydralisk x5  
  95  11:42  Queen  
  97  11:51  Overlord x3, Hydralisk x4  
  97  11:52  Hydralisk  
  77  12:08  Hydralisk  
  77  12:09  Hydralisk x3  
  77  12:13  Hydralisk  
  77  12:14  Hydralisk x2  
  91  12:17  Queen  
  91  12:25  Hydralisk x8  
  91  12:27  Zergling x2  
  108  12:30  Overseer  
  108  12:34  Hydralisk  
  108  12:35  Hydralisk  
  112  12:40  Hatchery  
Show
View Real Time Build Order
Export as new Build Order

Eaglesearchr Terran 

Build Orders:  

Get SALT Encoding   

  12  0:02  SCV  
  13  0:14  Supply Depot  
  13  0:18  SCV  
  14  0:30  SCV  
  15  0:38  Barracks  
  15  0:42  SCV  
  16  0:52  Refinery  
  16  1:00  SCV  
  16  1:01  Refinery  
  17  1:11  Supply Depot  
  17  1:19  SCV  
  18  1:31  Barracks  
  18  1:36  Barracks Tech Lab  
  18  1:42  Orbital Command  
  18  2:06  Concussive Shells  
  18  2:07  Marauder  
  20  2:14  Supply Depot  
  20  2:25  Barracks Tech Lab  
  22  2:30  Marauder  
  22  2:43  SCV  
  23  3:05  Command Center  
  23  3:06  SCV  
  24  3:20  SCV  
  24  3:22  Marauder x2  
  29  3:33  Engineering Bay  
  29  3:37  Combat Shield  
  29  3:42  Stimpack  
  29  3:44  SCV  
  30  4:20  Marauder x2, SCV  
  30  4:22  Orbital Command  
  35  4:30  Factory  
  35  4:32  SCV  
  36  4:44  SCV  
  37  4:46  Marine x2  
  37  4:50  SCV  
  40  4:53  Refinery  
  40  4:56  SCV  
  41  5:02  Missile Turret  
  41  5:13  SCV x2  
  43  5:18  Terran Infantry Weapons Level 1  
  43  5:24  Factory Tech Lab  
  43  5:25  Armory  
  43  5:33  SCV x2  
  45  5:37  Refinery  
  45  5:39  Command Center  
  45  5:45  SCV x2  
  47  6:00  Marauder x2, Siege Tank  
  48  6:20  Marine  
  48  6:21  Marine  
  42  6:33  Siege Tank  
  42  6:39  Marauder x2  
  45  7:00  Marine  
  47  7:05  Siege Tank  
  47  7:08  Orbital Command  
  49  7:09  Marine  
  50  7:17  Marine  
  47  7:26  Marine  
  45  7:35  Marine  
  46  7:44  Marine  
  47  8:00  SCV x2  
  49  8:13  Orbital Command  
  49  8:15  Marine x2  
  49  8:16  Siege Tank  
  40  8:38  Marine  
  40  8:39  Marine  
  42  8:42  Barracks  
  42  8:43  Barracks  
  40  8:51  Siege Tank  
  43  8:58  Marine  
  43  8:59  Marine  
  45  9:07  Terran Vehicle Weapons Level 1  
  45  9:14  Starport  
  43  9:18  Marine x2  
  24  9:39  Barracks Reactor x2  
  24  9:41  Marine x2  
  25  9:47  Liberator  
  25  9:59  Marine x2  
Show
View Real Time Build Order
Export as new Build Order

DamGlam Protoss 

Build Orders:  

Get SALT Encoding   

  12  0:02  Probe  
  13  0:15  Probe  
  14  0:29  Probe  
  15  0:35  Pylon  
  15  0:40  Pylon  
  15  0:52  Probe  
  16  0:59  Forge  
  16  1:04  Probe  
  17  1:16  Probe  
  18  1:32  Pylon  
  18  1:40  Pylon  
  17  2:01  Pylon  
  17  2:04  Pylon  
  17  2:08  Pylon  
  17  2:21  Photon Cannon  
  17  2:31  Probe  
  17  2:35  Gateway  
  18  2:41  Gateway  
  18  2:43  Probe  
  18  3:00  Probe  
  18  3:03  Assimilator  
  19  3:09  Assimilator  
  19  3:12  Probe  
  20  3:24  Probe  
  21  3:36  Probe  
  22  3:41  Cybernetics Core  
  22  3:48  Probe  
  23  3:52  Pylon  
  23  3:53  Nexus  
  23  4:00  Probe  
  24  4:05  Protoss Ground Weapons Level 1  
  24  4:06  Photon Cannon  
  24  4:08  Warp Gate  
  24  4:10  Pylon  
  24  4:11  Pylon  
  24  4:12  Probe  
  25  4:32  Photon Cannon  
  25  4:47  Photon Cannon  
  25  4:52  Stalker  
  27  5:00  Stalker  
  29  5:08  Probe  
  29  5:09  Probe  
  29  5:12  Pylon  
  31  5:26  Robotics Facility  
  31  5:37  Pylon  
  31  5:53  Twilight Council  
  31  5:56  Protoss Ground Armor Level 1  
  31  5:58  Stargate  
  31  6:06  Stalker  
  31  6:07  Stalker  
  35  6:13  Assimilator  
  35  6:14  Probe  
  21  6:40  Stalker  
  12  7:10  Probe  
  12  7:13  Probe  
  14  7:18  Probe  
  14  7:22  Probe  
  15  7:26  Probe  
  16  7:30  Probe  
  16  7:34  Probe  
  18  7:37  Zealot  
  21  7:44  Stalker  
  21  7:50  Probe  
  23  7:52  Probe  
  25  7:58  Probe  
  25  8:04  Probe  
  22  8:40  Void Ray  
  17  8:48  Gateway  
  17  8:49  Photon Cannon  
  21  9:04  Pylon  
  21  9:15  Stalker x2  
  21  9:50  Probe  
  22  10:02  Probe  
  23  10:25  Zealot  
  25  10:29  Void Ray  
  25  10:33  Warp Prism  
Tags
 
Add a new tag
Caveats
  • Supply blocks, unpowered buildings, or Contaminate may cause inaccurate times.
  • Supply counts are checked every 10 seconds.